 Dungeon Crawl Stone Soup version 0.14.0-9-g9c5475a (webtiles) character file.

384 MDvedh the Chopper (level 6, 0/44 HPs)
             Began as a Formicid Gladiator on Apr 13, 2014.
             Slain by an iron imp (6 damage)
             ... summoned by Eustachio
             ... on Level 4 of the Dungeon.
             The game lasted 00:07:58 (3636 turns).

MDvedh the Chopper (Formicid Gladiator)             Turns: 3636, Time: 00:07:59

HP   0/44        AC  5     Str 20      XL: 6   Next: 50%
MP   8/8         EV  9     Int  8      God:
Gold 108         SH  6     Dex 12      Spells:  0 memorised,  5 levels left

rFire  . . .     SeeInvis +     a - +0 war axe
rCold  + . .     Clarity  .     p - +0 ring mail {rC+}
rNeg   . . .     Conserve .     i - +0 buckler
rPois  .         rCorr    .     (helmet unavailable)
rElec  .         rRot     .     (no cloak)
SustAb . .       Spirit   .     (no gloves)
rMut   .         Warding  .     (no boots)
Saprov . . .     Stasis   +     (no amulet)
MR     .....                    (no ring)
                                (no ring)

@: not resistant to hostile enchantments, extremely unstealthy
A: permanent stasis, dig shafts and tunnels, four strong arms, antennae 3
a: Dig, Shaft Self


You were on level 4 of the Dungeon.
You were not hungry.

You visited 1 branch of the dungeon, and saw 4 of its levels.

You collected 108 gold pieces.

Inventory:

Hand weapons
 a - a +0,+0 war axe (weapon)
Missiles
 d - 3 throwing nets (quivered)
Armour
 i - a +0 buckler (worn)
 p - a +0 ring mail of cold resistance (worn)
Comestibles
 f - 2 bread rations
 g - an apple
Scrolls
 b - 3 scrolls of immolation {unknown}
 e - 2 scrolls of identify {unknown}
 h - 2 scrolls of blinking {unknown}
 k - 2 scrolls of magic mapping {unknown}
 l - 2 scrolls of enchant weapon I {unknown}
 m - a scroll of noise {unknown}
 o - 3 scrolls of teleportation {unknown}
Potions
 c - a potion of curing


   Skills:
 - Level 2.1 Fighting
 + Level 6.8 Axes
 - Level 1.5 Throwing
 - Level 2.6 Dodging


You had 5 spell levels left.
You didn't know any spells.

Dungeon Overview and Level Annotations

Branches:
Dungeon (4/15)
 Temple: D:4-7

Altars:
Ashenzari
Elyvilon

Annotations:
D:3 Grinder
D:4 Eustachio


Innate Abilities, Weirdness & Mutations

Your are under a permanent stasis effect.
You can dig through walls and to a lower floor.
Your four strong arms can wield two-handed weapons with a shield.
You have a pair of large antennae on your head (SInv).


Message History

You hit the bat.
The bat is heavily wounded.
The bat hits you but does no damage. x2
Eustachio hits you with a cutlass.
* * * LOW HITPOINT WARNING * * *
The iron imp closely misses you.
The iron imp hits you but does no damage.
Eustachio hits you with a cutlass.
* * * LOW HITPOINT WARNING * * *
You miss Eustachio.
Eustachio is severely wounded.
You closely miss the iron imp.
The iron imp is moderately wounded.
You barely miss the iron imp.
The iron imp is lightly wounded.
The bat hits you but does no damage. x2
The iron imp hits you.
* * * LOW HITPOINT WARNING * * *
The iron imp hits you.
You die...

.'.........# #.#....
#.........# #.#...( .
#.........# #.#...@ ...
#.#'#.....# #.#.... ... #.#.).#
#.#.r@. .. #.###.#### #.#....
##'#####........####.#@...
+...).....5.).)......r....
##.#####b@55..#.####.#5b.. #
..#)#@...#..r...#####
.#########.#.#....#..#########
............#.######...........
(............#.#
#####.#########
..............#%# #.....# #
................# #.###### #
#.#..........####
#.#....######## #............#
#.#.##.##.)....


You could see Eustachio, 2 iron imps, a quasit and a bat.

Vanquished Creatures
  2 orc priests (D:4)
  An iguana (D:4)
  2 orc wizards (D:4)
  Terence (D:3)
  4 adders
  A giant mite (D:1)
  An ufetubus (D:4)
  A worm (D:3)
  A giant gecko (D:2)
  3 oozes
  6 orcs
  7 goblins
  11 hobgoblins
  7 jackals
  8 kobolds
  A quokka (D:4)
  5 bats
  2 giant newts (D:1)
  8 rats
72 creatures vanquished.

Notes
Turn   | Place    | Note
--------------------------------------------------------------
     0 | D:1      | MDvedh, the Formicid Gladiator, began the quest for the Orb.
     0 | D:1      | Reached XP level 1. HP: 16/16 MP: 1/1
   194 | D:1      | Reached XP level 2. HP: 12/22 MP: 3/3
   574 | D:1      | Reached skill level 4 in Axes
   574 | D:1      | Reached XP level 3. HP: 27/27 MP: 4/4
  1186 | D:2      | Found a white marble altar of Elyvilon.
  1263 | D:2      | Reached XP level 4. HP: 30/33 MP: 5/5
  1537 | D:2      | Found a shattered altar of Ashenzari.
  1592 | D:3      | Noticed Grinder
  1592 | D:3      | Noticed Terence
  1857 | D:3      | Killed Terence
  1857 | D:3      | Reached skill level 5 in Axes
  2487 | D:3      | Reached XP level 5. HP: 27/38 MP: 7/7
  2845 | D:4      | Reached skill level 6 in Axes
  3109 | D:4      | Reached XP level 6. HP: 10/44 MP: 8/8
  3590 | D:4      | Noticed Eustachio
  3636 | D:4      | Slain by an iron imp

Action                   |  1- 3 |  4- 6 || total
-------------------------+-------+-------++-------
Melee: War axe           |    68 |   149 ||   217
  Use: Potion            |       |     4 ||     4
